 Dungeon Crawl Stone Soup version 0.28.0-62-gf88900778d (webtiles) character file.

Game seed: 509832226347806847

21 cbfl8 the Skirmisher (level 2, 0/27 (36) HPs)
             Began as a Demonspawn Berserker on June 12, 2023.
             Was a Follower of Trog.
             Slain by a kobold
             ... wielding a +2 dagger of draining
              (2 damage)
             ... on level 1 of the Dungeon.
             The game lasted 00:00:41 (1068 turns).

cbfl8 the Skirmisher (Demonspawn Berserker)         Turns: 1068, Time: 00:00:41

HP:   0/27 (36)     AC:  2    Str: 17    XL:     2   Next: 62%
MP:   2/2           EV: 12    Int:  8    God:    Trog [*.....]
Gold: 72            SH:  0    Dex: 12    Spells: 1/1 levels left

rFire   . . .      SeeInvis .   a - +0 hand axe
rCold   . . .      Faith    .   (no shield)
rNeg    . . .      Spirit   .   b - +0 animal skin
rPois   .          Reflect  .   (helmet restricted)
rElec   .          Harm     .   (no cloak)
rCorr   .          Rampage  .   (no gloves)
Will    .....                   (no boots)
Stlth   ..........              (no amulet)
HPRegen 0.09/turn               (no ring)
MPRegen 0.08/turn               (no ring)

@: berserking, very heavily drained, very quick
A: antennae 1
a: Renounce Religion, Berserk


You were on level 1 of the Dungeon.
You worshipped Trog.
Trog was aware of your devotion.
You visited 1 branch of the dungeon, and saw 2 of its levels.

You collected 72 gold pieces.

Inventory:

Hand Weapons
 a - a +0 hand axe (weapon)
Armour
 b - a +0 animal skin (worn)
Scrolls
 c - a scroll of brand weapon {unknown}
 e - a scroll of enchant armour {unknown}
 f - a scroll of identify {unknown}
Potions
 d - a potion of heal wounds {unknown}
 g - a potion of brilliance {unknown}


   Skills:
 + Level 3.4 Fighting
 + Level 3.0 Axes
 + Level 2.0 Armour
 + Level 1.9 Dodging


You had one spell level left.
You didn't know any spells.
Your spell library was empty.

Dungeon Overview and Level Annotations

Branches:
Dungeon (2/15)

Altars:

Annotations:
D:1 1 runed translucent door


Innate Abilities, Weirdness & Mutations

You have a pair of small antennae on your head.


Message History

You hit the jackal but do no damage.
The jackal is moderately wounded.
You miss the kobold. The jackal closely misses you.
The kobold hits you with a +2 dagger of draining.
You feel drained.
Unknown command.
You barely miss the jackal.
The jackal is moderately wounded.
You barely miss the kobold. The jackal closely misses you.
The kobold hits you with a +2 dagger of draining.
You feel drained. The jackal barely misses you.
Unknown command.
You hit the jackal but do no damage.
The jackal is moderately wounded.
You barely miss the kobold. The kobold closely misses you.
The jackal closely misses you.
Unknown command.
You barely miss the jackal.
The jackal is moderately wounded.
You completely miss the kobold.
The jackal bites you but does no damage.
The kobold barely misses you. The jackal barely misses you.
You hit the jackal but do no damage.
The jackal is moderately wounded.
You barely miss the kobold.
The kobold hits you with a +2 dagger of draining.
You feel drained. The jackal barely misses you. The kobold closely misses you.
You closely miss the jackal.
The jackal is moderately wounded.
You hit the kobold but do no damage. The jackal bites you.
The jackal bites you but does no damage.
The kobold hits you with a +2 dagger of draining.
* * * LOW HITPOINT WARNING * * *
You feel drained.
* * * LOW HITPOINT WARNING * * *
A red film seems to cover your vision as you go berserk!
You feel yourself moving faster!
You feel mighty! The jackal bites you.
* * * LOW HITPOINT WARNING * * *
The kobold hits you with a +2 dagger of draining.
You die...

###### ### #....# #.###
#.##.# #...# #.##.#
#.#.# ##.##.####.#.#
....#.##...#.#
.#..#.##.###.#####
...............h@#
......#..###...#K#
......#.....#..#r####
...#..##.#..#..#....#
.........#..#..###.##
#....###.#.......#.#
.....###.##...####.#####
##.....................#
##.......#.##.##########


You could see a jackal, a kobold and a rat.

Vanquished Creatures
  3 ball pythons (D:1)
  2 bats (D:1)
  An endoplasm (D:1)
  2 giant cockroaches (D:1)
  3 goblins (D:1)
  2 hobgoblins (D:1)
  2 frilled lizards (D:1)
  2 kobolds (D:1)
  3 rats (D:1)
20 creatures vanquished.

Notes
Turn   | Place    | Note
-------+----------+-------------------------------------------
     0 | D:1      | cbfl8 the Demonspawn Berserker began the quest for the Orb.
     0 | D:1      | Reached XP level 1. HP: 18/18 MP: 1/1
     1 | D:1      | Found a runed translucent door.
   302 | D:1      | Discovered your monstrous ancestry.
   302 | D:1      | Gained mutation: You have a pair of small antennae on your
                  | head. [demonic ancestry]
   302 | D:1      | Reached XP level 2. HP: 24/24 MP: 2/2
  1068 | D:1      | Slain by a kobold

Illustrated notes

Levels and vault maps discovered:
D:1:      dpeg_arrival_caged_fury, layout_basic
D:2:      layout_rooms, serial_shops, nicolae_shop_waterfront,
          minmay_tetromino_s4

Skill      XL: |  1  2 |
---------------+-------+-----
Armour         | 2 |  2.0
Axes           | 3 |  3.0
Fighting       | |  3.4
Dodging        | |  1.9

Action                   || total
-------------------------++-------
Melee: Hand axe          ||    75
Invok: Berserk           ||     1
Armor: Animal skin       ||    24
Dodge: Dodged            ||    75
